 Dungeon Crawl Stone Soup version 0.17-a0-755-g4391640 (webtiles) character file.

298 ololoev the Skirmisher (level 5, -3/46 HPs)
             Began as a Demigod Wanderer on Apr 22, 2015.
             Slain by a quokka (4 damage)
             ... on level 4 of the Dungeon.
             The game lasted 00:08:57 (3370 turns).

ololoev the Skirmisher (Demigod Wanderer)           Turns: 3370, Time: 00:08:57

Health: -3/46      AC: 12    Str: 16    XL:     5   Next: 88%
Magic:  7/7        EV: 12    Int: 21    God:
Gold:   147        SH:  0    Dex: 21    Spells: 0 memorised, 4 levels left

rFire  . . .     SeeInvis .     a - +0 long sword
rCold  . . .     Clarity  .     l - +3 chain mail {rPois}
rNeg   . . .     SustAb   +     (no shield)
rPois  +         Gourm    .     (no helmet)
rElec  .         Spirit   .     (no cloak)
rCorr  .         Warding  .     (no gloves)
rMut   .         Stasis   .     (no boots)
MR     +....                    (no amulet)
Stlth  ..........               p - ring of flight (curse)
                                m - ring of protection from magic

@: brilliant, agile, somewhat resistant to hostile enchantments, extremely
unstealthy
A: high mp 1, sustain abilities
a: Evoke Flight


Innate Abilities, Weirdness & Mutations

You have an increased reservoir of magic (+10% MP).
Your attributes are resistant to harm.

Inventory:

Hand weapons
 a - a +0 long sword (weapon)
 b - a +2 blowgun
Missiles
 i - 2 curare-tipped needles
 t - 10 poisoned needles
Armour
 j - a +0 buckler
 l - a +3 chain mail of poison resistance (worn)
Jewellery
 m - a ring of protection from magic (left hand)
 p - a cursed ring of flight (right hand)
Scrolls
 c - a scroll of identify {unknown}
 d - 2 scrolls of teleportation
 g - a scroll of remove curse {unknown}
 h - a scroll of immolation {unknown}
 k - a scroll of noise {unknown}
 n - a scroll of fog {unknown}
 o - a scroll of blinking {unknown}
Comestibles
 e - 3 bread rations
 f - 2 beef jerkies
 s - a slice of pizza
 u - 4 chunks of flesh


   Skills:
 - Level 3.9 Fighting
 * Level 2.5 Long Blades
   Level 1.0 Axes
 + Level 3.7 Throwing
 + Level 3.0 Armour
 - Level 1.0 Dodging
 - Level 1.0 Stealth


You had 4 spell levels left.
You didn't know any spells.


You were on level 4 of the Dungeon.
You were not hungry.

You visited 1 branch of the dungeon, and saw 4 of its levels.

You collected 147 gold pieces.

.###.....###.## ..
.. ###..# #..#
.... # #... ##.##
#....
......###..##...#
...............#..
..................
#..........##....
#>%#.....(†.# .
#........(@.#
.........rh...#
...._..⌠......#
..............#
#............#
#...._...#....
.......####.
......# #.##

Notes
Turn   | Place    | Note
--------------------------------------------------------------
     0 | D:1      | ololoev, the Demigod Wanderer, began the quest for the Orb.
     0 | D:1      | ololoev set off with: 4 curare-tipped needles, a +2 blowgun, a +0 ring mail, a scroll of teleportation, a bread ration
     0 | D:1      | Reached XP level 1. HP: 19/19 MP: 3/3
   583 | D:1      | Reached XP level 2. HP: 25/27 MP: 4/4
  1172 | D:1      | Reached XP level 3. HP: 33/33 MP: 5/5
  1830 | D:3      | Reached XP level 4. HP: 37/40 MP: 6/6
  1976 | D:3      | Noticed Terence
  2026 | D:3      | Killed Terence
  2421 | D:3      | Found a glowing silver altar of Zin.
  2474 | D:3      | Reached XP level 5. HP: 43/46 MP: 7/7
  3305 | D:4      | Found an opulent altar of Gozag.
  3307 | D:4      | Found an iron altar of Okawaru.
  3341 | D:4      | Found a sacrificial altar of Ru.
  3368 | D:4      | HP: 1/46 [quokka (2)]
  3370 | D:4      | Slain by a quokka

Dungeon Overview and Level Annotations

Branches:
Dungeon (4/15)
 Temple: D:4-7


Message History

The quokka bites you.
You hit the jackal.
The jackal is severely wounded.
The jackal bites you but does no damage.
The quokka barely misses you.
The jackal bites you but does no damage.
The orc priest calls down the wrath of Beogh upon you.
Something smites you!
You completely miss the orc priest.
The orc priest is almost dead.
The jackal bites you but does no damage.
The quokka bites you but does no damage.
The orc priest invokes the aid of Beogh against you.
You resist with some effort. The jackal barely misses you.
The quokka bites you.
Your chain mail prevents you from hitting the orc priest.
The orc priest is almost dead.
The jackal bites you but does no damage.
The quokka bites you but does no damage.
The orc priest completely misses you. The jackal closely misses you.
You hit the orc priest.
You kill the orc priest!
The quokka bites you.
The jackal bites you but does no damage.
The quokka bites you.
Unknown command.
Drink which item? (? for menu, Esc to quit)
It was a potion of cancellation.
You feel magically purged. The jackal barely misses you. The quokka bites you.
The jackal bites you but does no damage.
Drink which item? (? for menu, Esc to quit)
It was a potion of brilliance.
You feel clever all of a sudden.
The jackal bites you but does no damage.
The quokka completely misses you.
Drink which item? (? for menu, Esc to quit)
It was a potion of agility.
You feel agile all of a sudden. The jackal barely misses you.
The quokka bites you.
You die...

You could see a quokka and a jackal.

Vanquished Creatures
  An orc priest (D:4)
  Terence (D:3)
  2 orc wizards (D:3)
  3 worker ants (D:4)
  3 adders
  A worm (D:2)
  6 orcs
  2 ball pythons
  11 bats
  A bat skeleton (D:3)
  4 giant cockroaches
  8 hobgoblins
  A quokka (D:2)
  3 giant geckos
  A giant gecko skeleton (D:4)
  4 giant newts
  9 goblins
  10 jackals
  10 kobolds
  A quokka skeleton (D:4)
  6 rats
88 creatures vanquished.

Action                   |  1- 3 |  4- 6 || total
-------------------------+-------+-------++-------
Melee: Unarmed           |    88 |       ||    88
       Short sword       |   180 |    60 ||   240
       Long sword        |       |    99 ||    99
       Falchion          |       |     1 ||     1
 Fire: Blowgun           |     4 |    13 ||    17
  Use: Potion            |       |     4 ||     4
 Stab: Distracted        |     1 |       ||     1
  Eat: Chunk             |     3 |     6 ||     9

Vault maps used:
D:1:      dpeg_arrival_short_road, serial_park_tiny_1
D:3:      lemuel_coloured_pillars_altar, minmay_misc_feat_nine_boxes,
          uniq_terence
D:4:      grunt_temple_overflow_open, minmay_temple_entry_overgrown, first_bread
